 Dungeon Crawl Stone Soup version 0.32-a0-411-g744942f433 (webtiles) character file.

Game seed: 11641636188269739407

62 pokeman the Magician (level 3, -1/20 HPs)
             Began as a Deep Elf Hedge Wizard on Feb 21, 2024.
             Succumbed to a goblin's poison
             ... on level 2 of the Dungeon.
             The game lasted 00:03:42 (1604 turns).

pokeman the Magician (Deep Elf Hedge Wizard)        Turns: 1604, Time: 00:03:43

Health: -1/20      AC:  2    Str:  7    XL:     3   Next: 85%
Magic:  0/11       EV: 13    Int: 20    God:
Gold:   114        SH:  0    Dex: 20    Spells: 4/12 levels left

rFire   . . .        f - +2 short sword (venom)
rCold   . . .        (no shield)
rNeg    . . .        b - +0 robe
rPois   .            c - +0 hat
rElec   .            (no cloak)
rCorr   .            (no gloves)
SInv    .            (no boots)
Will    .....        (no amulet)
Stlth   ++           e - +6 ring of dexterity
HPRegen 0.23/turn    (no ring)
MPRegen 0.12/turn

%: no passive effects
@: lethally poisoned (-1 -> -6), on blink cooldown
A: no striking features
a: no special abilities


You were on level 2 of the Dungeon.
You visited 1 branch of the dungeon, and saw 2 of its levels.

You collected 114 gold pieces.

Inventory:

Hand Weapons
 f - a +2 short sword of venom (weapon)
Armour
 b - a +0 robe (worn)
 c - a +0 hat (worn)
Jewellery
 e - a +6 ring of dexterity (left hand)
Scrolls
 a - 2 scrolls of identify {unknown}
 h - a scroll of teleportation {unknown}
 i - 3 scrolls of immolation {unknown}
 k - a scroll of vulnerability {unknown}
Potions
 d - a potion of magic
 g - a potion of attraction {unknown}
 j - a potion of degeneration {unknown}


   Skills:
 - Level 1.0 Fighting
 + Level 1.0 Armour
 + Level 2.5 Dodging
 - Level 2.4 Stealth
 * Level 5.4 Spellcasting
 + Level 2.0 Conjurations
 - Level 1.1 Summonings
 - Level 1.1 Translocations


You had 4 spell levels left.
You knew the following spells:

 Your Spells              Type           Power      Damage    Failure   Level
a - Magic Dart            Conj           52%        1d5       4%          1
b - Mephitic Cloud        Conj/Alch/Air  8%         N/A       26%         3
c - Call Imp              Summ           18%        N/A       11%         2
d - Blink                 Tloc           18%        N/A       11%         2

Your spell library contained the following spells:

 Spells                   Type           Power      Damage    Failure   Level
 Slow                     Hex            20%        N/A       11%         1
 Cigotuvi's Dreadful Rot  Necr/Alch/Air  10%        N/A       17%         2


Dungeon Overview and Level Annotations

Branches:
Dungeon (2/15)

Altars:
Qazlal

Shops:
D:1 :

Annotations:
D:2 Robin


Message History

A goblin comes into view. It is wielding a +0 dagger.
Robin roars a battlecry!
The goblins go into a battle-frenzy!
You hear a shout!
You hit the goblin.
You kill the goblin!
Unknown command.
You barely miss the rat. The rat bites you. Robin throws the goblin at you!
You barely miss the goblin.
A goblin comes into view. It is wielding a +1 dagger of venom.
The rat bites you.
A goblin comes into view. It is wielding a +0 dagger.
The goblin hits you with a +0 dagger.
You closely miss the goblin. The rat barely misses you.
The goblin barely misses you. Robin throws the goblin at you!
Unknown command.
You barely miss the goblin. The rat misses you. The goblin barely misses you.
The goblin completely misses you.
You miss the goblin.
The goblin shouts!
You hear a shout!
The goblin hits you with a +1 dagger of venom.
You are poisoned.
The rat barely misses you. The goblin closely misses you.
You hit the goblin.
The goblin is poisoned.
The goblin is moderately wounded.
You feel very sick. The goblin hits you but does no damage.
The rat barely misses you.
A goblin comes into view. It is wielding a +0 club.
The goblin barely misses you.
Unknown command.
You puncture the goblin!
You kill the goblin!
You feel sick. The goblin hits you with a +0 dagger.
* * * LOW HITPOINT WARNING * * *
The rat completely misses you.
Unknown command.
Casting: Magic Dart (safe; 4% risk of failure)
Confirm with . or Enter, or press ? or * to list all spells.
You blink.
You die...

#### #.# ...## #.#
...# #.# #..#
#.#### #..# #....
#..# #..#
.#w######..###..##
ggggghr§)@.......#
.#.#####g..###...#
#.#.# ###.# #.#.#
#.# #.#.# #.#
#.#.# #.# ....#
#.# #.### #.# #.
#.#


You could see a black bear, Robin, a dart slug, 3 goblins and a rat.

Vanquished Creatures
  A bat (D:1)
  5 endoplasms
  A giant cockroach (D:1)
  6 goblins
  7 hobgoblins
  4 jackals (D:1)
  A quokka (D:1)
  4 frilled lizards (D:1)
  A kobold (D:1)
  3 rats (D:1)
33 creatures vanquished.

Notes
Turn   | Place    | Note
-------+----------+-------------------------------------------
     0 | D:1      | pokeman the Deep Elf Hedge Wizard began the quest for the
                  | Orb.
     0 | D:1      | Reached XP level 1. HP: 10/10 MP: 7/7
   253 | D:1      | Reached XP level 2. HP: 16/16 MP: 6/9
   540 | D:1      | Reached skill level 5 in Spellcasting
   605 | D:1      | Found a faded altar of an unknown god.
   609 | D:1      | Reached XP level 3. HP: 17/20 MP: 11/11
   613 | D:1      | Learned a level 3 spell: Mephitic Cloud
   616 | D:1      | Learned a level 2 spell: Call Imp
   619 | D:1      | Learned a level 2 spell: Blink
   976 | D:1      | Found Cailano's Book Emporium.
  1435 | D:2      | Reached skill level 1 in Fighting
  1496 | D:2      | Found a stormy altar of Qazlal.
  1581 | D:2      | Reached skill level 1 in Armour
  1592 | D:2      | Noticed a black bear
  1594 | D:2      | Noticed Robin
  1603 | D:2      | HP: 1/20 [goblin/+0 dagger[Robin] (6)]
  1604 | D:2      | Succumbed to a goblin's poison

Illustrated notes

Levels and vault maps discovered:
D:1:      roderic_octagonal_star, layout_loops_ring,
          shapermc_ecumenical_altar_mp_ritualfount, serial_shops,
          nicolae_book_shop_shelving
D:2:      layout_loops_ring, serial_shops, shop, basic_altar, minivault_26,
          uniq_sigmund, uniq_robin

Skill      XL: |  1  2  3 |
---------------+----------+-----
Spellcasting   | 5 |  5.4
Fighting       | 1 |  1.0
Armour         | 1 |  1.0
Conjurations   | 2 |  2.0
Dodging        | |  2.5
Stealth        | |  2.4
Summonings     | |  1.1
Translocations | |  1.1

Action                     || total
---------------------------++-------
  Melee: Short sword       ||    13
         Dagger            ||     1
   Cast: Magic Dart        ||    82
         Blink             ||     1
 Armour: Robe              ||    12
  Dodge: Dodged            ||    20

Table legend: (Time is in decaauts)
 A = Elapsed time spent in this place.
 B = Non-inter-level travel time spent in this place.
 C = Inter-level travel time spent in this place.
 D = Time resting spent in this place.
 E = Time spent auto-exploring this place.
 F = Levels seen in this place.
 G = Mean time per level.
                   A        B        C        D        E       F      G
               +--------+--------+--------+--------+--------+-----+--------+
         Total |   1603 |   1556 |     47 |      3 |   1361 |   2 |  801.5 |
       Dungeon |   1603 |   1556 |     47 |      3 |   1361 |   2 |  801.5 |
               +--------+--------+--------+--------+--------+-----+--------+

Top non-repeatable levels by time:
     D:1: 1394 daAuts
     D:2: 208 daAuts
